 Dungeon Crawl Stone Soup version 0.27-a0-887-gcab673c142 (webtiles) character file.

Game seed: 11977595164660295084

1708 Lanoc the Gusty (level 9, -2/65 HPs)
             Began as a Gnoll Air Elementalist on Apr 4, 2021.
             Was a Priest of Makhleb.
             Slain by a water moccasin (10 damage)
             ... on level 6 of the Dungeon.
             The game lasted 00:07:51 (6429 turns).

Lanoc the Gusty (Gnoll Air Elementalist)            Turns: 6429, Time: 00:07:52

Health: -2/65      AC:  2    Str:  8    XL:     9   Next: 3%
Magic:  14/18      EV: 14    Int: 18    God:    Makhleb [***...]
Gold:   269        SH:  0    Dex: 12    Spells: 19/20 levels left

rFire    . . .     SeeInvis .     - Unarmed
rCold    + . .     Faith    .   (no shield)
rNeg     . . .     Spirit   .   a - +0 robe
rPois    .         Reflect  .   (no helmet)
rElec    .         Harm     .   (no cloak)
rCorr    .         Rampage  .   (no gloves)
Will     +....                  (no boots)
Stlth    +++.......             l - amulet of magic regeneration
HPRegen  0.20/turn              d - ring of protection from cold
MPRegen  0.41/turn              s - ring of willpower

@: lethally poisoned (-2 -> -22), flying
A: fangs 1, strong nose, distributed training
a: Renounce Religion, Minor Destruction, Lesser Servant of Makhleb


You were on level 6 of the Dungeon.
You worshipped Makhleb.
Makhleb was most pleased with you.
You visited 2 branches of the dungeon, and saw 7 of its levels.

You collected 269 gold pieces.

Inventory:

Armour
 a - a +0 robe (worn)
Jewellery
 d - a ring of protection from cold (left hand)
 l - an amulet of magic regeneration (around neck)
 s - a ring of willpower (right hand)
Wands
 r - a wand of iceblast (7)
 t - a wand of paralysis (2)
Scrolls
 f - a scroll of acquirement {unknown}
 h - 6 scrolls of identify {unknown}
 i - 2 scrolls of enchant armour {unknown}
 k - a scroll of teleportation {unknown}
 o - 4 scrolls of magic mapping {unknown}
 p - a scroll of fog {unknown}
Potions
 b - a potion of flight
 c - a potion of heal wounds {unknown}
 e - 2 potions of attraction {unknown}
 g - a potion of haste {unknown}
 j - a potion of cancellation {unknown}
 m - 3 potions of mutation {unknown}
 n - 2 potions of lignification {unknown}
 q - a potion of degeneration {unknown}


   Skills:
 + Level 3.8 Fighting
 + Level 3.8 Short Blades
 + Level 3.8 Long Blades
 + Level 3.8 Axes
 + Level 3.8 Maces & Flails
 + Level 3.8 Polearms
 + Level 3.8 Staves
 + Level 3.8 Slings
 + Level 3.8 Bows
 + Level 3.8 Crossbows
 + Level 3.8 Throwing
 + Level 3.8 Armour
 + Level 6.0 Dodging
 + Level 5.7 Stealth
 + Level 3.8 Shields
 + Level 3.8 Unarmed Combat
 + Level 6.3 Spellcasting
 + Level 3.8 Conjurations
 + Level 3.1 Hexes
 + Level 3.1 Summonings
 + Level 3.1 Necromancy
 + Level 3.1 Translocations
 + Level 3.1 Transmutations
 + Level 3.1 Fire Magic
 + Level 3.1 Ice Magic
 + Level 6.3 Air Magic
 + Level 3.1 Earth Magic
 + Level 3.1 Poison Magic
 + Level 4.2 Invocations
 + Level 3.8 Evocations


You had 19 spell levels left.
You knew the following spells:

 Your Spells              Type           Power      Damage    Failure   Level
a - Shock                 Conj/Air       96%        1d9       1%          1

Your spell library contained the following spells:

 Spells                   Type           Power      Damage    Failure   Level
 Swiftness                Air            28%        N/A       1%          2
 Static Discharge         Conj/Air       24%        N/A       4%          3
 Airstrike                Air            14%        N/A       9%          4
 Lightning Bolt           Conj/Air       12%        1d25      36%         5


Dungeon Overview and Level Annotations

Branches:
Dungeon (6/15)             Temple (1/1) D:5

Altars:
Ashenzari
Dithmenos
Fedhas
Hepliaklqana
Kikubaaqudgha
Makhleb
Nemelex Xobeh
Okawaru
Sif Muna
Trog
Uskayaw
Wu Jian
Yredelemnul


Innate Abilities, Weirdness & Mutations

You have very sharp teeth.
Your uncanny sense of smell can sniff out nearby items.
Your experience applies equally to all skills.


Message History

Press: ? - help, Shift-Dir - straight line, f/p - water moccasin
Aim: a water moccasin (lightly wounded, 43% to evade)
The zap misses the water moccasin.
You feel very sick. The water moccasin bites you.
The water moccasin barely misses you.
Casting: Shock (safe; 1% risk of failure)
Confirm with . or Enter, or press ? or * to list all spells.
Aiming: Shock (safe; 1% risk of failure)
Press: ? - help, Shift-Dir - straight line, f/p - water moccasin
Aim: a water moccasin (lightly wounded, 43% to evade)
The zap misses the water moccasin.
You feel sick. The water moccasin bites you.
You are more poisoned.
The water moccasin poisons you!
Casting: Shock (safe; 1% risk of failure)
Confirm with . or Enter, or press ? or * to list all spells.
Aiming: Shock (safe; 1% risk of failure)
Press: ? - help, Shift-Dir - straight line, f/p - water moccasin
Aim: a water moccasin (lightly wounded, 43% to evade)
The zap hits the water moccasin.
The water moccasin is moderately wounded.
You feel very sick. The water moccasin bites you.
You are lethally poisoned!
The water moccasin poisons you!
Casting: Shock (safe; 1% risk of failure)
Confirm with . or Enter, or press ? or * to list all spells.
Aiming: Shock (safe; 1% risk of failure)
Press: ? - help, Shift-Dir - straight line, f/p - water moccasin
Aim: a water moccasin (moderately wounded, 43% to evade)
The zap misses the water moccasin.
You feel extremely sick. The water moccasin barely misses you.
The water moccasin bites you!
* * * LOW HITPOINT WARNING * * *
It was a potion of flight.
You feel very buoyant.
You fly up into the air.
* * * LOW HITPOINT WARNING * * *
You feel very sick. The water moccasin bites you!
You die...

#...........# .##..
##.#.######.# . .#.. #
#.# #.# #.#...# #^#
##.## #.....
#.#####...## .#.....
#...)......# #......
#>.####.(.##
.......#######..#####.##
........S@......##....#
......†#######..##.####
....... ##..##.# #....(.
#...##.# ##### .#.....
####.#.##.# #.... #....#
#....#.##.# #.### #.#...
#†####.##.###.### .#.#..
#.# #.##........ #.#
#.######.###


You could see a water moccasin.

Vanquished Creatures
  Menkaure (D:4)
  Edmund (D:5)
  2 ogres (D:5)
  A black bear (D:4)
  A phantom (D:5)
  5 scorpions
  A bullfrog (D:6)
  A water moccasin zombie (D:5)
  2 jellies
  4 orc priests (D:6)
  A gnoll shaman (D:4)
  2 hounds
  2 centaur skeletons (D:6)
  4 iguanas
  3 orc wizards (D:6)
  A howler monkey zombie (D:5)
  A hound skeleton (D:4)
  5 gnolls (D:4)
  5 adders
  A white imp (D:5)
  An adder skeleton (D:4)
  4 worms
  A dart slug (D:2)
  6 orcs
  9 ball pythons
  7 endoplasms
  6 giant cockroaches
  8 goblins
  5 hobgoblins (D:1)
  10 jackals
  4 kobolds
  5 quokkas
  8 bats
  5 frilled lizards
  5 rats
128 creatures vanquished.

Notes
Turn   | Place    | Note
-------+----------+-------------------------------------------
     0 | D:1      | Lanoc the Gnoll Air Elementalist began the quest for the
                  | Orb.
     0 | D:1      | Reached XP level 1. HP: 13/13 MP: 6/6
   160 | D:1      | Reached XP level 2. HP: 19/19 MP: 4/7
   694 | D:1      | Reached XP level 3. HP: 25/25 MP: 6/9
   742 | D:1      | Reached skill level 5 in Spellcasting
   988 | D:1      | Reached skill level 1 in Invocations
  1049 | D:1      | Found a faded altar of an unknown god.
  1055 | D:1      | Became a worshipper of Makhleb the Destroyer
  1055 | D:1      | Reached * piety under Makhleb
  1547 | D:2      | Found a broken altar of Ashenzari.
  1562 | D:2      | Reached skill level 1 in Fighting
  1562 | D:2      | Reached skill level 1 in Short Blades
  1562 | D:2      | Reached skill level 1 in Long Blades
  1562 | D:2      | Reached skill level 1 in Axes
  1562 | D:2      | Reached skill level 1 in Maces & Flails
  1562 | D:2      | Reached skill level 1 in Polearms
  1562 | D:2      | Reached skill level 1 in Staves
  1562 | D:2      | Reached skill level 1 in Slings
  1562 | D:2      | Reached skill level 1 in Bows
  1562 | D:2      | Reached skill level 1 in Crossbows
  1562 | D:2      | Reached skill level 1 in Throwing
  1562 | D:2      | Reached skill level 1 in Armour
  1562 | D:2      | Reached skill level 1 in Shields
  1562 | D:2      | Reached skill level 1 in Unarmed Combat
  1562 | D:2      | Reached skill level 1 in Evocations
  1606 | D:2      | Reached XP level 4. HP: 8/32 MP: 0/11
  2371 | D:3      | Reached ** piety under Makhleb
  2428 | D:3      | Reached skill level 1 in Hexes
  2428 | D:3      | Reached skill level 1 in Summonings
  2428 | D:3      | Reached skill level 1 in Necromancy
  2428 | D:3      | Reached skill level 1 in Translocations
  2428 | D:3      | Reached skill level 1 in Transmutations
  2428 | D:3      | Reached skill level 1 in Fire Magic
  2428 | D:3      | Reached skill level 1 in Ice Magic
  2428 | D:3      | Reached skill level 1 in Earth Magic
  2428 | D:3      | Reached skill level 1 in Poison Magic
  2815 | D:3      | Reached XP level 5. HP: 37/37 MP: 9/12
  3259 | D:4      | Noticed a black bear
  3349 | D:4      | Killed a black bear
  3350 | D:4      | Reached XP level 6. HP: 44/44 MP: 8/13
  3516 | D:4      | Reached skill level 5 in Dodging
  3750 | D:4      | Noticed Menkaure
  3756 | D:4      | Killed Menkaure
  3757 | D:4      | Reached XP level 7. HP: 35/50 MP: 10/15
  4341 | D:4      | Reached skill level 5 in Stealth
  4667 | D:5      | Entered Level 5 of the Dungeon
  4810 | D:5      | Reached XP level 8. HP: 57/57 MP: 10/16
  4911 | D:5      | Reached *** piety under Makhleb
  5095 | D:5      | Found a staircase to the Ecumenical Temple.
  5120 | D:5      | Noticed Edmund
  5140 | D:5      | Killed Edmund
  5147 | Temple   | Entered the Ecumenical Temple
  6389 | D:6      | Reached XP level 9. HP: 64/65 MP: 12/18
  6429 | D:6      | Slain by a water moccasin

Illustrated notes

Levels and vault maps discovered:
D:1:      dpeg_arrival_signposts, layout_rooms, ebering_ecumenical_altar_hall,
          minmay_quantized
D:2:      layout_loops_cross, basic_altar, moated_statue, hex_tiny
D:3:      layout_basic
D:4:      layout_layer_cave, uniq_menkaure
D:5:      layout_basic, minmay_temple_entry_overgrown, uniq_edmund
D:6:      layout_loops_ring, minmay_misc_feat_secret_circle,
          minmay_ruined_shrine
Temple:   dpeg_three_leaves_temple

Skill      XL: |  1  2  3  4  5  6  7  8 |
---------------+-------------------------+-----
Conjurations   | 2 3 |  3.8
Spellcasting   | 5 6 |  6.3
Invocations    | 1 2 3 4 |  4.2
Fighting       | 1 2 3 |  3.8
Short Blades   | 1 2 3 |  3.8
Long Blades    | 1 2 3 |  3.8
Axes           | 1 2 3 |  3.8
Maces & Flails | 1 2 3 |  3.8
Polearms       | 1 2 3 |  3.8
Staves         | 1 2 3 |  3.8
Slings         | 1 2 3 |  3.8
Bows           | 1 2 3 |  3.8
Crossbows      | 1 2 3 |  3.8
Throwing       | 1 2 3 |  3.8
Armour         | 1 2 3 |  3.8
Shields        | 1 2 3 |  3.8
Unarmed Combat | 1 2 3 |  3.8
Evocations     | 1 2 3 |  3.8
Hexes          | 1 2 3 |  3.1
Summonings     | 1 2 3 |  3.1
Necromancy     | 1 2 3 |  3.1
Translocations | 1 2 3 |  3.1
Transmutations | 1 2 3 |  3.1
Fire Magic     | 1 2 3 |  3.1
Ice Magic      | 1 2 3 |  3.1
Earth Magic    | 1 2 3 |  3.1
Poison Magic   | 1 2 3 |  3.1
Dodging        | 5 6 |  6.0
Stealth        | 5 |  5.7
Air Magic      | 6 |  6.3

Action                   |  1- 3 |  4- 6 |  7- 9 || total
-------------------------+-------+-------+-------++-------
Melee: Unarmed           |    25 |       |       ||    25
       Bite              |     1 |       |       ||     1
 Cast: Shock             |    89 |   123 |   202 ||   414
  Use: Potion            |       |       |     1 ||     1
Armor: Robe              |     8 |     2 |     6 ||    16
Dodge: Dodged            |    38 |     6 |    52 ||    96

Table legend: (Time is in decaauts)
 A = Elapsed time spent in this place.
 B = Non-inter-level travel time spent in this place.
 C = Inter-level travel time spent in this place.
 D = Time resting spent in this place.
 E = Time spent auto-exploring this place.
 F = Levels seen in this place.
 G = Mean time per level.
                   A        B        C        D        E       F      G
               +--------+--------+--------+--------+--------+-----+--------+
         Total |   6428 |   6316 |    112 |      0 |   5612 |   7 |  918.3 |
       Dungeon |   6426 |   6314 |    112 |      0 |   5612 |   6 | 1071.0 |
        Temple |      1 |      1 |      0 |      0 |      0 |   1 |    1.0 |
               +--------+--------+--------+--------+--------+-----+--------+

Top non-repeatable levels by time:
     D:4: 1543 daAuts
     D:1: 1329 daAuts
     D:5: 1222 daAuts
     D:2: 1026 daAuts
     D:3: 767 daAuts
     D:6: 536 daAuts
  Temple: 1 daAuts
